PCL
LAS VEGAS 51S @ PORTLAND BEAVERS
05/05/2004
 
TOP OF THE 1ST
Las Vegas 51s batting - Pitching for Portland Beavers : LHP Jeremy Sowers
Pitching: LHP Jeremy Sowers
Batting: SHB Chris Roberson 0-0: Foul Ball, location: 9LMF
0-1: Ground out 5-3 (Groundball, 56S, EV 68.8 MPH)
Batting: RHB Brian Barden 0-0: Foul Ball, location: 3F
0-1: Foul Ball, location: 3F
0-2: Ball
1-2: Fly out, F9 (Line Drive, 9, EV 86.3 MPH)
Batting: RHB David Kelton 0-0: Ball
1-0: Ball
2-0: Called Strike
2-1: Foul Ball, location: 2F
2-2: Foul Ball, location: 2F
2-2: Strikes out swinging
Top of the 1st over - 0 runs, 0 hits, 0 errors, 0 left on base; Las Vegas 0 - Portland 0
BOTTOM OF THE 1ST
Portland Beavers batting - Pitching for Las Vegas 51s : RHP Kurt Ainsworth
Pitching: RHP Kurt Ainsworth
Batting: LHB Dan Moylan 0-0: Ball
1-0: Foul Ball, location: 7LDF
1-1: Ground out 4-3 (Groundball, 34, EV 103.1 MPH)
Batting: RHB Joe Gaetti 0-0: Ball
1-0: Fly out, F6 (Line Drive, 56, EV 68.1 MPH)
Batting: RHB Joe Caruso 0-0: Called Strike
0-1: Ball
1-1: Foul Ball, location: 2F
1-2: Ball
2-2: Ball
3-2: Foul Ball, location: 5F
3-2: Ground out 4-3 (Groundball, 4, EV 84.4 MPH)
Bottom of the 1st over - 0 runs, 0 hits, 0 errors, 0 left on base; Las Vegas 0 - Portland 0
TOP OF THE 2ND
Las Vegas 51s batting - Pitching for Portland Beavers : LHP Jeremy Sowers
Batting: RHB Nate Kaup 0-0: Called Strike
0-1: Foul Ball, location: 7LSF
0-2: Ball
1-2: Strikes out swinging
Batting: LHB Vinny Escobar 0-0: Called Strike
0-1: Ball
1-1: Ball
2-1: Fly out, F7 (Flyball, 78S, EV 88.8 MPH)
Batting: LHB Mario Garza 0-0: Swinging Strike
0-1: Foul Ball, location: 2LF
0-2: Ball
1-2: Ball
2-2: Ball
3-2: Fly out, F8 (Line Drive, 8LD, EV 95.6 MPH)
Top of the 2nd over - 0 runs, 0 hits, 0 errors, 0 left on base; Las Vegas 0 - Portland 0
BOTTOM OF THE 2ND
Portland Beavers batting - Pitching for Las Vegas 51s : RHP Kurt Ainsworth
Batting: SHB Jon Azcona 0-0: Called Strike
0-1: Foul Ball, location: 7LMFF
0-2: Ball
1-2: Ground out 5-3 (Groundball, 56, EV 100.6 MPH)
Batting: RHB Alex Martinez 0-0: Ball
1-0: Foul Ball, location: 2F
1-1: Fly out, F4 (Popup, 23, EV 91.3 MPH)
Batting: LHB Dallas McPherson 0-0: Called Strike
0-1: SINGLE (Line Drive, 7S, EV 99.4 MPH)
Batting: LHB Larry Bigbie 0-0: Ball
1-0: Ball
2-0: Ball
3-0: Called Strike
3-1: Foul Ball, location: 2F
3-2: Foul Ball, location: 2F
3-2: Base on Balls
Dallas McPherson to second
Batting: RHB Jesse Hoorelbeke 0-0: Ball
1-0: Swinging Strike
1-1: Called Strike
1-2: Foul Ball, location: 2F
1-2: Ball
2-2: Foul Ball, location: 25F
2-2: Foul Ball, location: 9LSF
2-2: SINGLE (Groundball, 6S, EV 69.4 MPH) (infield hit)
Dallas McPherson to third
Larry Bigbie to second
Batting: RHB Noochie Varner 0-0: Called Strike
0-1: Ball
1-1: Ball
2-1: Swinging Strike
2-2: Foul Ball, location: 9LSF
2-2: Foul Ball, location: 2F
2-2: Foul Ball, location: 3F
2-2: Foul Ball, location: 3F
2-2: Fly out, F7 (Flyball, 7D, EV 88.1 MPH)
Bottom of the 2nd over - 0 runs, 2 hits, 0 errors, 3 left on base; Las Vegas 0 - Portland 0
TOP OF THE 3RD
Las Vegas 51s batting - Pitching for Portland Beavers : LHP Jeremy Sowers
Batting: SHB Donny Leon 0-0: Ball
1-0: Ball
2-0: Called Strike
2-1: Foul Ball, location: 2F
2-2: Foul Ball, location: 9LSF
2-2: Ball
3-2: Foul Ball, location: 2F
3-2: DOUBLE (Flyball, 8LXD, EV 110.6 MPH)
Batting: LHB Josh Kroeger 0-0: Ball
1-0: Ground out 6-3 (Groundball, 6M, EV 86.9 MPH)
Batting: LHB Robby Zea 0-0: Swinging Strike
0-1: Foul Ball, location: 2F
0-2: Ball
1-2: Ground out 6-3 (Groundball, 6, EV 106.3 MPH)
Batting: SHB Chris Roberson 0-0: Called Strike
0-1: Ball
1-1: Ball
2-1: TRIPLE (Flyball, 89XD, EV 101.9 MPH)
Donny Leon scores
Batting: RHB Brian Barden 0-0: Ball
1-0: Ball
2-0: Ball
3-0: Called Strike
3-1: Fly out, F7 (Line Drive, 7, EV 100.0 MPH)
Top of the 3rd over - 1 run, 2 hits, 0 errors, 1 left on base; Las Vegas 1 - Portland 0
BOTTOM OF THE 3RD
Portland Beavers batting - Pitching for Las Vegas 51s : RHP Kurt Ainsworth
Batting: LHB Dan Moylan 0-0: Called Strike
0-1: Fly out, F2 (Popup, 23F, EV 83.1 MPH)
Batting: RHB Joe Gaetti 0-0: Swinging Strike
0-1: SINGLE (Groundball, 4M, EV 98.1 MPH) (infield hit)
Batting: RHB Joe Caruso 0-0: Called Strike
Joe Gaetti steals 2nd base
0-1: Fly out, F8 (Flyball, 8RM, EV 83.8 MPH)
Batting: SHB Jon Azcona 0-0: Ball
1-0: Called Strike
1-1: Fly out, F9 (Flyball, 89S, EV 91.3 MPH)
Bottom of the 3rd over - 0 runs, 1 hit, 0 errors, 1 left on base; Las Vegas 1 - Portland 0
TOP OF THE 4TH
Las Vegas 51s batting - Pitching for Portland Beavers : LHP Jeremy Sowers
Batting: RHB David Kelton 0-0: Ball
1-0: Ball
2-0: Foul Ball, location: 3F
2-1: Fly out, F5 (Line Drive, 56, EV 76.3 MPH)
Batting: RHB Nate Kaup 0-0: Called Strike
0-1: DOUBLE (Line Drive, 78M, EV 99.4 MPH)
Batting: LHB Vinny Escobar 0-0: Called Strike
0-1: Swinging Strike
0-2: Foul Ball, location: 2F
0-2: Foul Ball, location: 7LMF
0-2: Strikes out swinging
Batting: LHB Mario Garza 0-0: Ball
1-0: Called Strike
1-1: SINGLE (Groundball, 4MD, EV 103.1 MPH)
Nate Kaup to third
Batting: SHB Donny Leon 0-0: Called Strike
0-1: SINGLE (Line Drive, 4MD, EV 98.1 MPH)
Nate Kaup scores
Mario Garza to second
Batting: LHB Josh Kroeger 0-0: Ball
1-0: Foul Ball, location: 25F
1-1: SINGLE (Line Drive, 78M, EV 110.0 MPH)
Mario Garza to third
Donny Leon to second
Batting: LHB Robby Zea 0-0: Ball
1-0: Fly out, F7 (Line Drive, 7, EV 110.6 MPH)
Top of the 4th over - 1 run, 4 hits, 0 errors, 3 left on base; Las Vegas 2 - Portland 0
BOTTOM OF THE 4TH
Portland Beavers batting - Pitching for Las Vegas 51s : RHP Kurt Ainsworth
Batting: RHB Alex Martinez 0-0: Called Strike
0-1: Ball
1-1: Ball
2-1: Ground out 6-3 (Groundball, 6, EV 84.4 MPH)
Batting: LHB Dallas McPherson 0-0: Ball
1-0: Ball
2-0: Foul Ball, location: 25FF
2-1: Fly out, F8 (Flyball, 8RXD, EV 111.9 MPH)
Batting: LHB Larry Bigbie 0-0: Called Strike
0-1: Ball
1-1: Ball
2-1: Foul Ball, location: 23F
2-2: Ball
3-2: Base on Balls
Batting: RHB Jesse Hoorelbeke 0-0: Foul Ball, location: 7LSFF
0-1: Foul Ball, location: 2F
0-2: Ball
1-2: Foul Ball, location: 9LSF
1-2: Foul Ball, location: 3DF
1-2: Foul Ball, location: 2F
1-2: Ball
2-2: Foul Ball, location: 2F
2-2: Strikes out swinging
Bottom of the 4th over - 0 runs, 0 hits, 0 errors, 1 left on base; Las Vegas 2 - Portland 0
TOP OF THE 5TH
Las Vegas 51s batting - Pitching for Portland Beavers : LHP Jeremy Sowers
Batting: SHB Chris Roberson 0-0: Fly out, F6 (Line Drive, 56, EV 72.5 MPH)
Batting: RHB Brian Barden 0-0: Ball
1-0: Called Strike
1-1: Foul Ball, location: 7LMFF
1-2: SINGLE (Groundball, 4MD, EV 100.0 MPH)
Batting: RHB David Kelton 0-0: Ball
1-0: Foul Ball, location: 25F
1-1: Ball
2-1: Ball
3-1: Base on Balls
Brian Barden to second
Batting: RHB Nate Kaup 0-0: Ball
1-0: Ball
2-0: Called Strike
2-1: Fly out, F3 (Popup, 3, EV 66.3 MPH)
Batting: LHB Vinny Escobar 0-0: Called Strike
0-1: Foul Ball, location: 2LF
0-2: Ball
1-2: Strikes out swinging
Top of the 5th over - 0 runs, 1 hit, 0 errors, 2 left on base; Las Vegas 2 - Portland 0
BOTTOM OF THE 5TH
Portland Beavers batting - Pitching for Las Vegas 51s : RHP Kurt Ainsworth
Batting: RHB Noochie Varner 0-0: Ball
1-0: Called Strike
1-1: Foul Ball, location: 9LDF
1-2: Foul Ball, location: 25F
1-2: SINGLE (Groundball, 15S, EV 68.8 MPH) (infield hit)
Batting: LHB Dan Moylan 0-0: Foul Ball, location: 2F
0-1: Ball
1-1: Ball
2-1: Sac Bunt to 23 - play at first, batter OUT! 3-4
Noochie Varner to second
Batting: RHB Joe Gaetti 0-0: Ball
1-0: Ball
2-0: Called Strike
2-1: Ball
3-1: 2-RUN HOME RUN (Flyball, 8LXD, EV 107.5 MPH), Distance : 426 ft
Batting: RHB Joe Caruso 0-0: Ball
1-0: Called Strike
1-1: Ground out 3-1 (Groundball, 34D, EV 100.0 MPH)
Pitching: RHP Matt Belisle
Batting: SHB Jon Azcona 0-0: Called Strike
0-1: Foul Ball, location: 9LSF
0-2: Ball
1-2: Fly out, F6 (Popup, 6M, EV 56.3 MPH)
Bottom of the 5th over - 2 runs, 2 hits, 0 errors, 0 left on base; Las Vegas 2 - Portland 2
TOP OF THE 6TH
Las Vegas 51s batting - Pitching for Portland Beavers : LHP Jeremy Sowers
Batting: LHB Mario Garza 0-0: Called Strike
0-1: Ball
1-1: Ball
2-1: Fly out, F8 (Flyball, 8RM, EV 91.9 MPH)
Pitching: LHP Jason Mackintosh
Batting: SHB Donny Leon 0-0: Ball
1-0: Ball
2-0: Ground out 6-3 (Groundball, 6, EV 101.3 MPH)
Batting: LHB Josh Kroeger 0-0: Ball
1-0: Ball
2-0: Swinging Strike
2-1: Ground out 6-3 (Groundball, 6S, EV 77.5 MPH)
Top of the 6th over - 0 runs, 0 hits, 0 errors, 0 left on base; Las Vegas 2 - Portland 2
BOTTOM OF THE 6TH
Portland Beavers batting - Pitching for Las Vegas 51s : RHP Matt Belisle
Batting: RHB Alex Martinez 0-0: Called Strike
0-1: Ball
1-1: Foul Ball, location: 2F
1-2: Fly out, F9 (Flyball, 9D, EV 100.0 MPH)
Batting: LHB Dallas McPherson 0-0: Ball
1-0: Ball
2-0: Swinging Strike
2-1: Fly out, F8 (Flyball, 8LM, EV 85.0 MPH)
Batting: LHB Larry Bigbie 0-0: Called Strike
0-1: DOUBLE (Flyball, 89D, EV 112.5 MPH) - OUT at third base trying to stretch hit.
Bottom of the 6th over - 0 runs, 1 hit, 0 errors, 0 left on base; Las Vegas 2 - Portland 2
TOP OF THE 7TH
Las Vegas 51s batting - Pitching for Portland Beavers : LHP Jason Mackintosh
Batting: LHB Robby Zea 0-0: Ball
1-0: Ball
2-0: Called Strike
2-1: Called Strike
2-2: Foul Ball, location: 5F
2-2: Strikes out swinging
Batting: SHB Chris Roberson 0-0: Foul Ball, location: 9LDF
0-1: Ball
1-1: Swinging Strike
1-2: Ball
2-2: Ball
3-2: Strikes out swinging
Batting: RHB Brian Barden 0-0: Ball
1-0: Called Strike
1-1: Ball
2-1: Called Strike
2-2: Foul Ball, location: 3FF
2-2: Strikes out looking
Top of the 7th over - 0 runs, 0 hits, 0 errors, 0 left on base; Las Vegas 2 - Portland 2
BOTTOM OF THE 7TH
Portland Beavers batting - Pitching for Las Vegas 51s : RHP Matt Belisle
Batting: RHB Jesse Hoorelbeke 0-0: Ball
1-0: Fly out, F8 (Flyball, 8RM, EV 91.9 MPH)
Batting: RHB Noochie Varner 0-0: Ball
1-0: Called Strike
1-1: Swinging Strike
1-2: Ball
2-2: Foul Ball, location: 2F
2-2: Strikes out swinging
Batting: LHB Dan Moylan 0-0: Ball
1-0: Foul Ball, location: 2LF
1-1: Ground out 4-3 (Groundball, 4M, EV 86.9 MPH)
Bottom of the 7th over - 0 runs, 0 hits, 0 errors, 0 left on base; Las Vegas 2 - Portland 2
TOP OF THE 8TH
Las Vegas 51s batting - Pitching for Portland Beavers : LHP Jason Mackintosh
Pitching: LHP David Stewart
Batting: RHB David Kelton 0-0: Ball
1-0: Fly out, F7 (Flyball, 7, EV 87.5 MPH)
Batting: RHB Nate Kaup 0-0: Ball
1-0: Swinging Strike
1-1: Ball
2-1: Ball
3-1: Fly out, F8 (Flyball, 8LD, EV 101.9 MPH)
Batting: LHB Vinny Escobar 0-0: Foul Ball, location: 2F
0-1: Called Strike
0-2: Foul Ball, location: 2F
0-2: Strikes out looking
Top of the 8th over - 0 runs, 0 hits, 0 errors, 0 left on base; Las Vegas 2 - Portland 2
BOTTOM OF THE 8TH
Portland Beavers batting - Pitching for Las Vegas 51s : RHP Matt Belisle
Batting: RHB Joe Gaetti 0-0: Ball
1-0: Called Strike
1-1: Swinging Strike
1-2: Strikes out looking
Batting: RHB Joe Caruso 0-0: Ball
1-0: Foul Ball, location: 2F
1-1: Swinging Strike
1-2: Ball
2-2: Strikes out swinging
Batting: SHB Jon Azcona 0-0: Ball
1-0: Called Strike
1-1: Ground out 6-3 (Groundball, 6, EV 81.9 MPH)
Bottom of the 8th over - 0 runs, 0 hits, 0 errors, 0 left on base; Las Vegas 2 - Portland 2
TOP OF THE 9TH
Las Vegas 51s batting - Pitching for Portland Beavers : LHP David Stewart
Pitching: LHP Matt Bauer
Batting: LHB Mario Garza 0-0: Called Strike
0-1: Ball
1-1: Called Strike
1-2: Strikes out swinging
Batting: SHB Donny Leon 0-0: Called Strike
0-1: Ball
1-1: Ball
2-1: Fly out, F3 (Popup, 3SF, EV 78.8 MPH)
Batting: LHB Josh Kroeger 0-0: Ball
1-0: Ball
2-0: Called Strike
2-1: Swinging Strike
2-2: Ground out U3 (Groundball, 3L, EV 78.1 MPH)
Top of the 9th over - 0 runs, 0 hits, 0 errors, 0 left on base; Las Vegas 2 - Portland 2
BOTTOM OF THE 9TH
Portland Beavers batting - Pitching for Las Vegas 51s : RHP Matt Belisle
Pitching: RHP Bobby Jenks
Batting: RHB Alex Martinez 0-0: Called Strike
0-1: Called Strike
0-2: Foul Ball, location: 3F
0-2: Strikes out swinging
Batting: LHB Dallas McPherson 0-0: Ball
1-0: Called Strike
1-1: Foul Ball, location: 3DF
1-2: Ball
2-2: Ball
3-2: SOLO HOME RUN (Flyball, 78XD, EV 98.1 MPH), Distance : 398 ft
Bottom of the 9th over - 1 run, 1 hit, 0 errors, 0 left on base; Las Vegas 2 - Portland 3
Friday, November 8th , 2024 - OOTP Baseball 25.10 Build 95